AoeStats
← [KMNB] Bandeira

Lombardia

507708158Analyzed
2v2 RM · 14d ago on Sep 19, 2026· 32m 11s· 4 players
Game mode
Random Map
Map size
Medium (4 player)
Population
200
Speed
Normal
Resources
Standard
Victory
Conquest
Starting age
Dark Age
Ending age
Imperial Age
RankedLock teamsTeams togetherTeam positionsShared explorationLock speedFull tech treeHidden civsTurbo modeCheats
Victory
Defeat
🇧🇷 Ethiopians · Brazil
1582
+8
🇧🇷 Magyars · Brazil
1475
+12
🇳🇱 Mongols · Netherlands
1388
-10
🇹🇼 Maya · Taiwan
1380
-10
scorpion_
0:45 Loom
9:50 Feudal Age
10:54 Double-Bit Axe
14:57 Wheelbarrow
15:10 Fletching
16:26 Horse Collar
18:37 Padded Archer Armor
24:47 Castle Age
23:36 Gold Mining
Wizad
8:55 Feudal Age
8:07 Loom
9:38 Double-Bit Axe
9:55 Horse Collar
19:12 Wheelbarrow
22:34 Castle Age
20:54 Fletching
22:19 Padded Archer Armor
22:32 Bloodlines
23:23 Husbandry
23:26 Bodkin Arrow
23:47 Bow Saw
29:37 Gold Mining
[KMNB] Bandeira
8:04 Loom
10:24 Feudal Age
11:00 Double-Bit Axe
11:09 Horse Collar
16:12 Scale Barding Armor
18:08 Wheelbarrow
21:32 Castle Age
20:27 Bloodlines
21:37 Light Cavalry
22:41 Chain Barding Armor
22:59 Husbandry
29:54 Gold Mining
30:00 Stone Mining
Fs.Khronos
7:08 Loom
9:24 Feudal Age
9:55 Double-Bit Axe
11:44 Fletching
15:19 Gold Mining
22:07 Castle Age
21:04 Padded Archer Armor
20:54 Horse Collar
22:10 Crossbowman
22:45 Bodkin Arrow
22:19 Crossbowman
23:10 Bow Saw
25:03 Wheelbarrow
27:15 Heavy Plow
30:54 Gold Shaft Mining
31:29 Ballistics
Connection lost

Rejoining the realm…

Still unreachable

The connection could not be restored.

Session expired

The server has moved on; the page needs a fresh start.